 Dungeon Crawl Stone Soup version 0.25.1-9-gc5326a611f (webtiles) character file.

Game seed: 1886399015127855562

35 Clowwww the Skirmisher (level 3, 25/29 HPs)
             Began as a Demonspawn Fighter on Jan 3, 2021.
             Quit the game on level 2 of the Dungeon.
             The game lasted 00:02:02 (1107 turns).

Clowwww the Skirmisher (Demonspawn Fighter)         Turns: 1107, Time: 00:02:02

Health: 25/29      AC:  6    Str: 17    XL:     3   Next: 17%
Magic:  3/3        EV:  7    Int:  9    God:
Gold:   112        SH:  9    Dex: 12    Spells: 2/2 levels left

rFire    + . .     SeeInvis .   a - +0 war axe
rCold    . . .     Gourm    .   c - +0 kite shield
rNeg     . . .     Faith    .   b - +0 scale mail
rPois    .         Spirit   .   (helmet restricted)
rElec    .         Reflect  .   (no cloak)
rCorr    .         Harm     .   (no gloves)
MR       .....                  (no boots)
Stlth    ..........             (no amulet)
HPRegen  0.09/turn              m - ring of protection from fire
MPRegen  0.08/turn              (no ring)

@: no status effects
A: claws 1, horns 1
a: no special abilities


You were on level 2 of the Dungeon.
You were not hungry.

You visited 1 branch of the dungeon, and saw 2 of its levels.

You collected 112 gold pieces.

Inventory:

Hand Weapons
 a - a +0 war axe (weapon)
Armour
 b - a +0 scale mail (worn)
 c - a +0 kite shield (worn)
Jewellery
 m - a ring of protection from fire (left claw)
Scrolls
 i - 2 scrolls of blinking {unknown}
 k - 2 scrolls of amnesia {unknown}
 l - a scroll of fear {unknown}
 o - a scroll of immolation {unknown}
Potions
 d - 3 potions of might
 e - a potion of cancellation {unknown}
 h - a potion of brilliance {unknown}
 j - a potion of stabbing {unknown}
 n - a potion of flight {unknown}
 p - a potion of curing {unknown}
Comestibles
 f - 3 rations
 g - 4 chunks of flesh


   Skills:
 + Level 3.1 Fighting
 * Level 2.8 Axes
 + Level 2.8 Armour
 + Level 3.0 Shields


You had 2 spell levels left.
You didn't know any spells.
Your spell library was empty.

Dungeon Overview and Level Annotations

Branches:
Dungeon (2/15)

Altars:


Innate Abilities, Weirdness & Mutations

You have sharp fingernails.
You have a pair of small horns on your head.


Message History

The worm is moderately wounded.
You barely miss the bat. The bat barely misses you.
The bat hits you but does no damage. x2; You block the worm's attack.
The bat hits you but does no damage.
You slash the worm!
The worm is severely wounded.
You miss the bat. You block the bat's attack. x2
You slash the worm!
You kill the worm!
The bat hits you but does no damage.
You hit the bat.
You kill the bat!
There is a stone staircase leading up here.
p - a green potion
Found a murky emerald potion and a ration.
k - 2 scrolls labeled DIBIPR BA POFF (gained 1)
(D) Dungeon
Where to? (Enter - D:2, ? - help)
Okay, then.
Are you sure you want to abandon this character and quit the game? (Confirm with "yes".)

#.>. #..### .#
#.)..# .#. #.<#.#
...%
..#####.####!....
...........#.....
..##..........#
#..........#
#.....@....#
######.....#
#######


There were no monsters in sight!

Vanquished Creatures
  A worm (D:2)
  A dart slug (D:2)
  A leopard gecko (D:1)
  4 goblins
  5 hobgoblins
  A ball python (D:1)
  5 bats
  8 frilled lizards
  3 kobolds (D:1)
  2 rats (D:1)
31 creatures vanquished.

Notes
Turn   | Place    | Note
-------+----------+-------------------------------------------
     0 | D:1      | Clowwww the Demonspawn Fighter began the quest for the Orb.
     0 | D:1      | Reached XP level 1. HP: 18/18 MP: 1/1
   307 | D:1      | Gained mutation: You have sharp fingernails. [demonic
                  | ancestry]
   307 | D:1      | Reached XP level 2. HP: 12/24 MP: 2/2
  1085 | D:2      | Gained mutation: You have a pair of small horns on your
                  | head. [demonic ancestry]
  1085 | D:2      | Reached XP level 3. HP: 29/29 MP: 3/3
  1107 | D:2      | Quit the game

Illustrated notes

Levels and vault maps discovered:
D:1:      nicolae_arrival_somewhat_less_tricky_arrival, layout_rooms,
          minivault_25, minmay_lizard_pond
D:2:      layout_basic, serial_curves, eino_curves_03, eino_curves_04,
          eino_curves_01, chequers_ecumenical_altar_island, minivault_24,
          uniq_sigmund, uniq_crazy_yiuf_cottage

Skill      XL: |  1  2  3 |
---------------+----------+-----
Axes           | 2 |  2.8
Shields        | 3 |  3.0
Fighting       | |  3.1
Armour         | |  2.8

Action                   || total
-------------------------++-------
Melee: War axe           ||    93
       Headbutt          ||     1
  Eat: Chunk             ||     1
Armor: Scale mail        ||    51
Dodge: Dodged            ||    32
Block: Kite shield       ||    55
